 Dungeon Crawl Stone Soup version 0.17-a0-4-gb793c6d (webtiles) character file.

134 Ololoev the Shield-Bearer (level 5, -3/41 HPs)
             Began as a Formicid Fighter on Mar 4, 2015.
             Slain by a spatial maelstrom (16 damage)
             ... on level 1 of the Abyss.
             The game lasted 00:07:55 (2437 turns).

Ololoev the Shield-Bearer (Formicid Fighter)        Turns: 2437, Time: 00:07:55

Health: -3/41      AC:  7    Str: 20    XL:     5   Next: 40%
Magic:  7/7        EV:  8    Int:  8    God:
Gold:   85         SH:  9    Dex: 11    Spells: 0 memorised, 4 levels left

rFire  . . .     SeeInvis +     a - +0 war axe
rCold  . . .     Clarity  .     b - +0 scale mail
rNeg   . . .     SustAb   .     c - +0 shield
rPois  .         Gourm    .     (helmet unavailable)
rElec  .         Spirit   .     (no cloak)
rCorr  .         Warding  .     (no gloves)
rMut   .         Stasis   +     (no boots)
MR     .....                    (no amulet)
Stlth  ..........               (no ring)
                                (no ring)

@: not resistant to hostile enchantments, extremely unstealthy
A: permanent stasis, dig shafts and tunnels, four strong arms, antennae 3
a: Dig, Shaft Self


You were on level 1 of the Abyss.
You were not hungry.

You visited 1 branch of the dungeon, and saw 3 of its levels.
You visited the Abyss 1 time.

You collected 85 gold pieces.

Notes
Turn   | Place    | Note
--------------------------------------------------------------
     0 | D:1      | Ololoev, the Formicid Fighter, began the quest for the Orb.
     0 | D:1      | Reached XP level 1. HP: 18/18 MP: 1/1
    50 | D:1      | Reached XP level 2. HP: 22/24 MP: 3/3
   286 | D:1      | Reached XP level 3. HP: 14/29 MP: 4/4
   553 | D:1      | Reached skill level 4 in Shields
  1132 | D:2      | Reached XP level 4. HP: 35/35 MP: 5/5
  1879 | D:3      | Noticed Sigmund
  1925 | D:3      | Noticed hornqvist's ghost (weakling OpAs)
  1938 | D:3      | Killed hornqvist's ghost
  1938 | D:3      | Reached XP level 5. HP: 16/41 MP: 7/7
  2334 | D:3      | Cast into the Abyss (Sigmund)
  2383 | Abyss:1  | Noticed an orange demon
  2383 | Abyss:1  | Noticed a neqoxec
  2396 | Abyss:1  | Noticed a spatial vortex
  2396 | Abyss:1  | Noticed a spatial vortex
  2396 | Abyss:1  | Noticed a spatial vortex
  2405 | Abyss:1  | Noticed a spatial vortex
  2406 | Abyss:1  | Noticed a spatial vortex
  2407 | Abyss:1  | Noticed a spatial vortex
  2434 | Abyss:1  | Noticed a spatial vortex
  2435 | Abyss:1  | Noticed a spatial maelstrom
  2435 | Abyss:1  | Noticed a spatial vortex
  2435 | Abyss:1  | Noticed a spatial vortex
  2435 | Abyss:1  | Noticed a spatial vortex
  2435 | Abyss:1  | Noticed a spatial vortex
  2435 | Abyss:1  | Noticed a spatial vortex
  2436 | Abyss:1  | Noticed a spatial vortex
  2437 | Abyss:1  | Slain by a spatial maelstrom

Inventory:

Hand weapons
 a - a +0 war axe (weapon)
Armour
 b - a +0 scale mail (worn)
 c - a +0 shield (worn)
Jewellery
 k - an uncursed ring of ice
 u - an uncursed ring of fire
Scrolls
 g - a scroll of identify {unknown}
 j - a scroll of magic mapping {unknown}
 l - a scroll of blinking {unknown}
 m - 2 scrolls of remove curse {unknown}
 q - 2 scrolls of teleportation {unknown}
 r - a scroll of immolation {unknown}
 s - a scroll of amnesia {unknown}
 t - a scroll of random uselessness {unknown}
Potions
 e - a potion of heal wounds {unknown}
 f - a potion of brilliance {unknown}
 h - a potion of curing {unknown}
 n - a potion of cancellation {unknown}
 o - a potion of ambrosia {unknown}
Comestibles
 d - a bread ration
 i - 3 meat rations
 p - 2 beef jerkies

Table legend:
 A = Turns spent in this place as a percentage of turns spent in the entire game.
 B = Non-inter-level travel turns spent in this place as a percentage of non-inter-level travel turns spent in the entire game.
 C = Inter-level travel turns spent in this place as a percentage of turns spent in this place.
 D = Turns resting spent in this place as a percentage of non-inter-level travel turns spent in this place.
 E = Turns spent auto-exploring this place as a percentage of non-inter-level travel turns spent in this place.
 F = Non-inter-level travel turns spent in this place divided by the number of levels of this place that you've seen.
                   A       B       C       D       E      F
               +-------+-------+-------+-------+-------+----------------------
         Total | 100.0 | 100.0 |   0.6 |   3.1 |  10.2 | 201.5
       Dungeon |  87.1 |  87.0 |   0.7 |   3.6 |  11.7 | 233.7
         Abyss |  12.9 |  13.0 |   0.0 |   0.0 |   0.0 | 105.0
               +-------+-------+-------+-------+-------+----------------------


   Skills:
 - Level 3.2 Fighting
 * Level 3.7 Axes
 + Level 4.3 Armour
 + Level 4.6 Shields


You had 4 spell levels left.
You didn't know any spells.

Dungeon Overview and Level Annotations

Branches:
Dungeon (3/15)

Altars:

Annotations:
D:3 Sigmund


Innate Abilities, Weirdness & Mutations

You are under a permanent stasis effect.
You can dig through walls and to a lower floor.
Your four strong arms can wield two-handed weapons with a shield.
You have a pair of large antennae on your head (SInv).


Message History

You drop a book of Enchantments.
Things that are here:
9 stones; a robe
Found a peridot ring.
Found a scroll labeled KEURAC YFUTOR.
u - a peridot ring Put on which piece of jewellery? (? for menu, Esc to quit)
You feel more attuned to fire.
u - a ring of fire (left hand)
You remove your ring of fire.
A neqoxec comes into view.
The neqoxec shouts!
The orange demon screeches! 3 spatial vortices come into view.
The neqoxec gestures.
The orange demon stings you but does no damage.
The neqoxec gestures.
A spatial vortex comes into view. x2
A spatial vortex comes into view.
Found a bubbling cyan potion.
The white imp grinds its teeth.
Unknown command.
Press: ? - help, v - describe, . - travel
Here: an orange demon The floor.
Found a ring mail.
A white imp comes into view.
The white imp shouts!
The white imp disappears in a puff of smoke!
The orange demon stings you but does no damage.
The neqoxec gestures.
A spatial vortex comes into view. 2 spatial vortices and a spatial maelstrom come into view. 3 spatial vortices come into view.
The spatial vortex moves out of view.
The spatial maelstrom hits you! The spatial maelstrom hits you!
You feel a strange sense of stasis. You block the spatial vortex's attack.
A spatial vortex comes into view.
You block the orange demon's attack. The orange demon hits you.
The orange demon barely misses you. The spatial maelstrom hits you!
You die...

. .. .. .. { .#.
# ..### .# #
#... ..#. #..#
.## ..
..v.###v.. #...
..######..{v...#
.. ..#.#....#.
.....# #[.
...... #..##vv#
###{.###.##
##.v@v.# { 5 ..#
##3.#.##...##
#### #
..#....###4# . #
##.#..{. .#5#
.#. #. ..
..#.{..## #. .##
. .######.# ≈ ≈
..##. ##.# ≈≈ ≈≈
## . ≈≈≈


You could see a spatial maelstrom, 4 spatial vortices, an orange demon and a
white imp.

Table legend:
 A = Kills in this place as a percentage of kills in entire the game.
 B = Kills by you in this place as a percentage of kills by you in the entire game.
 C = Kills by friends in this place as a percentage of kills by friends in the entire game.
 D = Other kills in this place as a percentage of other kills in the entire game.
 E = Experience gained in this place as a percentage of experience gained in the entire game.
 F = Experience gained in this place divided by the number of levels of this place that you have seen.
                   A       B       C       D       E      F
               +-------+-------+-------+-------+-------+----------------------
         Total | 100.0 | 100.0 |  -nan |  -nan | 100.0 |  48.0
       Dungeon | 100.0 | 100.0 |  -nan |  -nan | 100.0 |  64.0
               +-------+-------+-------+-------+-------+----------------------

Vanquished Creatures
  The ghost of hornqvist the Sneak, a weakling OpAs (D:3)
  3 adders (D:2)
  A giant mite (D:1)
  2 oozes (D:2)
  4 orcs (D:3)
  A giant cockroach (D:2)
  6 goblins
  12 hobgoblins
  2 quokkas
  A ball python (D:1)
  4 bats
  3 giant newts
  4 jackals (D:1)
  6 kobolds
  7 rats
57 creatures vanquished.

Action                   |  1- 3 |  4- 6 || total
-------------------------+-------+-------++-------
Melee: War axe           |   104 |   102 ||   206
  Use: Potion            |       |     1 ||     1
  Eat: Chunk             |     1 |     4 ||     5

Vault maps used:
D:1:      dpeg_arrival_water_altar, minmay_ruptured
D:3:      lemuel_upstairs_altar, first_bread, uniq_sigmund
